Unix NetHack Version 7.0.0 - last build Mar 21 2022 01:42:03 (d8d347d964b310a1d65c52326b9d30ac073ddabd). Game began 2022-03-23 13:02:12, ended 2022-03-24 12:55:30. breadmaster, lawful female dwarven Valkyrie -------------------------- |>.....................@.| |.......----------------q| -------.------ |.| |.......)...| |.| |.`.`.......| |.| --------.----| |.| |............| |.| |............| |.| -----.-------- ------|.| |..........| --|$$$$.|%| |..........| |.-$$$$$|.| |.........-- |-|$$$.%|%| -------%---- |.+$$$$.%.| |........| |-|$$$$.|-- |........| |.-$$$$$| |...------ --|$$$$.| ----- ------- Breadmaster the Fighter St:18 Dx:12 Co:20 In:8 Wi:8 Ch:9 Lawful S:6925 Dlvl:3 $:0 HP:0(101) Pw:9(9) AC:-3 Xp:8/1607 T:5634 Latest messages: The yeti punches you! The yeti punches you! The yeti bites! The yeti turns into a gold golem! You gash the gold golem! The gold golem claws you! The gold golem claws you! You slash the gold golem! You slash the gold golem! You rend the gold golem! You destroy the gold golem! What do you want to eat? [dhBR or ?*] ? You resume your meal. You finish eating the lizard corpse. You lacerate the jaguar! The jaguar claws you! The jaguar claws you! The jaguar misses! The jaguar claws you! The jaguar misses! The jaguar misses! You kill the jaguar! The pony kicks! The pony misses! You lacerate the pony! The pony misses! The pony misses! The pony kicks! The pony bites! You kill the pony! The vampire bat misses! The vampire bat bites! You lacerate the vampire bat! The vampire bat bites! The vampire bat bites! The vampire bat bites! The vampire bat bites! You kill the vampire bat! You miss the leocrotta. The leocrotta claws you! The leocrotta bites! The leocrotta claws you! The leocrotta claws you! The leocrotta bites! You die... Do you want your possessions identified? [ynq] (y) y Do you want to see your attributes? [ynq] (y) y Do you want an account of creatures vanquished? [ynaq] (y) y Do you want to see your conduct and achievements? [ynq] (y) y Do you want to see the dungeon overview? [ynq] (y) y Major events: Turn 1: breadmaster the lawful dwarven Valkyrie entered the dungeon 34: hit with a wielded weapon for the first time 34: killed for the first time 36: ate for the first time - goblin corpse 36: consumed animal products for the first time, by eating a goblin corpse 190: entered new level 2, The Dungeons of Doom 320: entered new level 1, The Gnomish Mines 320: entered the Gnomish Mines 325: gained experience level 2 376: entered a shop 516: entered new level 3, The Dungeons of Doom 595: attained the rank of Skirmisher (level 3) 827: entered new level 4, The Dungeons of Doom 1161: gained experience level 4 1378: entered new level 5, The Dungeons of Doom 1411: entered new level 6, The Dungeons of Doom 1434: eschewed atheism, by dropping an orcish dagger on an altar 1779: consulted the Oracle 1806: gained experience level 5 1828: entered new level 7, The Dungeons of Doom 1890: endured an absurd aquatic ceremony, and now wields Excalibur 2152: became literate by reading the fortune inside a cookie 2266: attained the rank of Fighter (level 6) 2367: entered new level 8, The Dungeons of Doom 2582: entered new level 4, Sokoban 2582: entered Sokoban 2986: entered new level 3, Sokoban 3795: entered new level 2, Sokoban 4351: entered new level 1, Sokoban 4399: gained experience level 7 5571: gained experience level 8 Inventory: Inventory: 911/1000 weight (32/52 slots) Weapons J - 9 blessed +0 mithril crossbow bolts {5} b - a blessed +0 dagger (alternate weapon; not wielded) {10} C - a +0 copper dagger {10} l - a +0 orcish dagger {10} F - a +0 wooden orcish dagger {3} a - the blessed rustproof +1 Excalibur (weapon in hand) {40} Armor N - an uncursed +0 orcish helm (being worn) {23} k - an uncursed corroded +0 orcish helm {30} r - an uncursed +0 pair of elven boots (being worn) {12} c - an uncursed +3 small shield (being worn) {23} e - an uncursed +0 plastic orcish cloak (being worn) {15} H - an uncursed +0 banded mail (being worn) {263} i - an uncursed +0 leather light armor {150} Comestibles d - 8 uncursed food rations {160} B - an uncursed tripe ration {10} h - 2 uncursed lizard corpses {20} Rings D - a cursed ring of hunger {3} S - a cursed ring of hunger {3} y - an uncursed ring of see invisible {3} E - an uncursed ring of teleport control {3} L - an uncursed ring of teleport control {3} Wands p - a cursed wand of light (0:15) {7} K - a wand of opening (0:3) {7} z - a wand of secret door detection (0:12) {7} o - a blessed wand of teleportation (0:7) {7} P - a wand of teleportation (0:8) {7} Tools m - an uncursed bag of holding containing 11 items {68} w - an uncursed lock pick {4} Gems/Stones x - an uncursed topaz stone {1} u - 2 uncursed worthless pieces of green glass {2} n - an uncursed worthless piece of white glass {1} j - an uncursed worthless piece of yellowish brown glass {1} Contents of the bag of holding: 146 gold pieces an uncursed scroll of destroy armor 3 uncursed scrolls of earth a cursed scroll of enchant armor an uncursed scroll of fire an uncursed scroll of identify an uncursed scroll of remove curse an uncursed scroll of teleportation a blessed potion of acid an uncursed potion of fruit juice an uncursed potion of hallucination Breadmaster the Valkyrie's attributes: Background: You were a Fighter, a level 8 dwarven Valkyrie. You were lawful, on a mission for Tyr who was opposed by Odin (neutral) and Loki (chaotic). You were heterosexual. You were in Sokoban, on level 3. You entered the dungeon 5634 turns ago. You had 1607 experience points, 953 more were needed to attain level 9. Your score was 6925 before end-of-game adjustments. Basics: You had 0 out of 101 hit points. You had all 9 energy points (spell power). Your armor class was -3. Your wallet was empty. Autopickup was off. Final Characteristics: Your strength was 18 (limit:18/100). Your dexterity was 12 (limit:20). Your constitution was 20 (limit:20). Your intelligence was 8 (limit:16). Your wisdom was 8 (limit:16). Your charisma was 9 (limit:16). Final Status: You were not hungry. You were unencumbered. You were wielding a long sword. You were skilled in long sword. Final Attributes: You were piously aligned. You were cold resistant. You were level-drain resistant. You had automatic searching. You had infravision. You were stealthy. You were warded. You are dead. Miscellaneous: You never encountered a bones level. Total elapsed playing time was 3 hours, 33 minutes and 34 seconds. Vanquished creatures: 2 giant mimics a warg a winter wolf 2 small mimics an ogre leader a pyrolisk 2 large cats a tiger a leocrotta a chameleon 2 giant beetles a cockatrice a gremlin 2 scorpions a vampire bat 5 lizards a dingo a housecat a jaguar an ape a human zombie an imp 2 Uruk-hai a rock mole a pony a violet fungus 2 giant ants a little dog a kobold shaman a rothe 2 giant bats a monkey 3 iguanas a killer bee a hobbit 2 hobgoblins 3 giant rats 2 cave spiders a brown mold 2 yellow molds a green mold 2 geckos 7 jackals 2 foxes 2 kobolds 5 goblins a sewer rat a grid bug 3 bats 5 lichens 3 kobold zombies 2 newts 93 creatures vanquished. No species were genocided or became extinct. Voluntary challenges: You read items or engraved 8 times. You never genocided any monsters. You never polymorphed an object. You never changed form. You used no wishes. You never scared an enemy with impunity. You were celibate. You never generated conflict. You did not violate any of the special Sokoban rules. Achievements: You entered the Gnomish Mines. You entered a shop. You attained the rank of Skirmisher. You consulted the Oracle of Delphi. You attained the rank of Fighter. You entered Sokoban. The Dungeons of Doom: levels 1 to 8 Level 1: Some fountains, a grave. Level 2: A general store. Stairs down to The Gnomish Mines. Level 3: A wand shop, a fountain. Level 4: A fountain. Level 5: An altar. Level 6: Some fountains, many trees. Oracle of Delphi. Level 7: A potion shop. Stairs up to Sokoban, level 6. Level 8: The Gnomish Mines: Level 3: Sokoban: levels 6 up to 3 Level 3: <- You were here. Solved. Final resting place for you, killed by a leocrotta. Level 4: Solved. Level 5: Solved. Level 6: Solved. Game over: __________ / \ / REST \ / IN \ / PEACE \ / \ | breadmaster | | 146 Au | | killed by a | | leocrotta | | | | | | 2022 | *| * * * | * _________)/\\_//(\/(/\)/\//\/|_)_______ Farvel breadmaster the Valkyrie... You died in Sokoban on dungeon level 3 with 6911 points, and 146 pieces of gold, after 5634 moves. You were level 8 with a maximum of 101 hit points when you died.